 Dungeon Crawl Stone Soup version 0.30-a0-465-g8901f6c8b5 (webtiles) character file.

Game seed: 4029085184704382799

68 RegularBeans the Chiller (level 4, -1/33 HPs)
             Began as a Ghoul Ice Elementalist on Dec 15, 2022.
             Slain by an iguana (10 damage)
             ... on level 4 of the Dungeon on Dec 17, 2022.
             The game lasted 00:29:54 (1606 turns).

RegularBeans the Chiller (Ghoul Ice Elementalist)   Turns: 1606, Time: 00:29:54

Health: -1/33      AC:  4    Str: 11    XL:     4   Next: 19%
Magic:  6/6        EV: 12    Int: 12    God:
Gold:   114        SH:  0    Dex:  9    Spells: 3/7 levels left

rFire   x . .      SeeInvis .      - Unarmed
rCold   + + .      Faith    .    (no shield)
rNeg    + + +      Spirit   .    a - +0 robe
rPois   ∞          Reflect  .    (no helmet)
rElec   .          Harm     .    f - +1 cloak
rCorr   .          Rampage  .    (no gloves)
Will    .....                    (no boots)
Stlth   ++........               (no amulet)
HPRegen 0.00/turn                e - ring of ice
MPRegen 0.10/turn                (no ring)

@: inhibited regen
A: claws 1, cold resistance 1, negative energy resistance 3, inhibited
regeneration, torment resistance 2, devour on kill
a: no special abilities


You were on level 4 of the Dungeon.
You visited 1 branch of the dungeon, and saw 4 of its levels.

You collected 114 gold pieces.

Inventory:

Hand Weapons
 c - a +0 club
 d - a +0 short sword
Armour
 a - a +0 robe (worn)
 f - a +1 cloak (worn)
 l - a +0 scale mail
 n - a +0 cloak
 t - a +0 scale mail
 v - a +0 robe
Jewellery
 e - a ring of ice (left claw)
Scrolls
 h - a scroll of noise {unknown}
 k - 2 scrolls of teleportation {unknown}
 r - a scroll of brand weapon {unknown}
 s - 2 scrolls of identify {unknown}
Potions
 b - 2 potions of magic
 m - a potion of might {unknown}
 o - a potion of mutation {unknown}
 p - a potion of heal wounds {unknown}
 q - a potion of haste {unknown}
 u - a potion of resistance {unknown}
 w - a potion of invisibility {unknown}


   Skills:
 + Level 0.2 Fighting
 + Level 2.0 Dodging
 + Level 2.7 Stealth
 + Level 1.3 Unarmed Combat
 + Level 2.2 Spellcasting
 + Level 5.1 Ice Magic


You had 3 spell levels left.
You knew the following spells:

 Your Spells              Type           Power      Damage    Failure   Level
a - Freeze                Ice            80%        1d9       3%          1
b - Ozocubu's Armour      Ice            20%        N/A       10%         3

Your spell library contained the following spells:

 Spells                   Type           Power      Damage    Failure   Level
 Frozen Ramparts          Ice            40%        1d7       10%         3
 Tukima's Dance           Hex            1%         N/A       63%         3
 Summon Ice Beast         Ice/Summ       11%        N/A       67%         4
 Passage of Golubria      Tloc           1%         N/A       95%         4
 Yara's Violent Unravell  Hex/Tmut       0%         3d3       100%        5


Dungeon Overview and Level Annotations

Branches:
Dungeon (4/15)
 Temple: D:4-7

Altars:

Annotations:
D:2 Sigmund


Innate Abilities, Weirdness & Mutations

You are immune to poison.
You have sharp fingernails.
Your flesh is cold resistant. (rC+)
You are immune to negative energy. (rN+++)
You do not regenerate when monsters are visible.
You are immune to unholy pain and torment.
You thrive by killing the living.


Message History

You scratch the iguana but do no damage.
The iguana is moderately wounded.
The iguana barely misses you.
You scratch the iguana but do no damage.
The iguana is moderately wounded.
The iguana bites you!
You barely miss the iguana.
The iguana is moderately wounded.
The iguana bites you!
You are too injured to fight recklessly!
It was a potion of curing.
You feel better.
The iguana bites you but does no damage.
You feel a surge of power!
You freeze the iguana!
The iguana is almost dead.
The iguana seems to slow down.
The iguana bites you!
You are too injured to fight recklessly!
You are too injured to fight recklessly!
You are too injured to fight recklessly!
You feel better.
You scratch the iguana but do no damage.
The iguana is almost dead.
The iguana barely misses you.
You scratch the iguana but do no damage.
The iguana is almost dead.
The iguana bites you!
You are too injured to fight recklessly!
The iguana closely misses you.
The iguana is no longer moving slowly.
There is an escape hatch in the floor here.
The iguana attacks as you move away!
The iguana bites you but does no damage.
You are too injured to fight recklessly!
It was a potion of berserk rage.
You feel slightly irritated. The iguana misses you.
You are too injured to fight recklessly!
It was a potion of lignification.
You feel woody for a moment. The iguana bites you!
* * * LOW HITPOINT WARNING * * *
You feel better. The iguana bites you!
You die...

###########
#####
#.@l..>...#
.....
###.#######.#
#.#.# #<..#
#.###....#
#.###
###.#....####
#.#
#............
#.####
####.....#...
#....#
#.....# .
####.#
####....##
#.# #.......#


You could see an iguana.

Vanquished Creatures
  A hound (D:3)
  An adder (D:2)
  An orc (D:3)
  3 ball pythons
  2 endoplasms (D:1)
  A giant cockroach (D:3)
  4 goblins
  3 hobgoblins
  A quokka (D:3)
  2 bats (D:3)
  2 frilled lizards
  3 kobolds
  5 rats
29 creatures vanquished.

Notes
Turn   | Place    | Note
-------+----------+-------------------------------------------
     0 | D:1      | RegularBeans the Ghoul Ice Elementalist began the quest for
                  | the Orb.
     0 | D:1      | Reached XP level 1. HP: 14/14 MP: 2/2
   108 | D:1      | Found a faded altar of an unknown god.
   252 | D:1      | Reached XP level 2. HP: 20/20 MP: 3/3
   252 | D:1      | Upgraded the game from 0.30-a0-459-g9104f0fc43 to
                  | 0.30-a0-465-g8901f6c8b5
   892 | D:2      | Reached skill level 5 in Ice Magic
   892 | D:2      | Reached XP level 3. HP: 16/26 MP: 5/5
   936 | D:2      | Learned a level 3 spell: Ozocubu's Armour
  1065 | D:2      | Noticed Sigmund
  1080 | D:2      | You fall into a shaft and drop 1 floor!
  1421 | D:3      | Reached skill level 1 in Unarmed Combat
  1421 | D:3      | Reached XP level 4. HP: 26/33 MP: 6/6
  1606 | D:4      | Slain by an iguana

Illustrated notes

Levels and vault maps discovered:
D:1:      lemuel_arrival_cross, layout_basic,
          shapermc_ecumenical_altar_starsandcircs, minmay_misc_feat_room
D:2:      layout_basic, uniq_natasha, uniq_terence, uniq_sigmund
D:3:      layout_rooms
D:4:      layout_basic, lemuel_doored_altar

Skill      XL: |  1  2  3 |
---------------+----------+-----
Spellcasting   | 2 |  2.2
Ice Magic      | 5 |  5.1
Dodging        | 2 |  2.0
Unarmed Combat | 1 |  1.3
Fighting       | |  0.2
Stealth        | |  2.7

Action                   |  1- 3 |  4- 6 || total
-------------------------+-------+-------++-------
Melee: Unarmed           |   103 |    12 ||   115
 Cast: Freeze            |    10 |     1 ||    11
       Ozocubu's Armour  |     1 |       ||     1
  Use: Scroll            |     2 |       ||     2
       Potion            |       |     5 ||     5
 Stab: Sleeping          |     6 |       ||     6
Armor: Robe              |    29 |     3 ||    32
Dodge: Dodged            |    63 |     8 ||    71

Table legend: (Time is in decaauts)
 A = Elapsed time spent in this place.
 B = Non-inter-level travel time spent in this place.
 C = Inter-level travel time spent in this place.
 D = Time resting spent in this place.
 E = Time spent auto-exploring this place.
 F = Levels seen in this place.
 G = Mean time per level.
                   A        B        C        D        E       F      G
               +--------+--------+--------+--------+--------+-----+--------+
         Total |   1604 |   1567 |     37 |    111 |   1048 |   4 |  401.0 |
       Dungeon |   1604 |   1567 |     37 |    111 |   1048 |   4 |  401.0 |
               +--------+--------+--------+--------+--------+-----+--------+

Top non-repeatable levels by time:
     D:1: 788 daAuts
     D:3: 450 daAuts
     D:2: 291 daAuts
     D:4: 74 daAuts
